 Dungeon Crawl Stone Soup version 0.25.0-10-g039870ee82 (webtiles) character file.

Game seed: 12388370037845084356

26397 Ripsaw the Warrior (level 13, -11/150 HPs)
             Began as an Ogre Transmuter on June 21, 2020.
             Was a High Priest of Okawaru.
             Impaled on a porcupine's spines (13 damage)
             ... on level 4 of the Lair of Beasts on June 23, 2020.
             The game lasted 01:47:42 (23259 turns).

Ripsaw the Warrior (Ogre Transmuter)               Turns: 23259, Time: 01:47:42

Health: -11/150    AC:  2    Str: 17    XL:     13   Next: 25%
Magic:  23/26      EV: 27    Int: 17    God:    Okawaru [*****.]
Gold:   780        SH:  0    Dex: 15    Spells: 21/31 levels left

rFire    . . .     SeeInvis .     - Unarmed
rCold    + . .     Gourm    .   (shield currently unavailable)
rNeg     . . .     Faith    .   (armour currently unavailable)
rPois    x         Spirit   .   (helmet currently unavailable)
rElec    .         Reflect  .   (cloak currently unavailable)
rCorr    .         Harm     .   (gloves unavailable)
MR       +....                  (boots unavailable)
Stlth    ++........             (no amulet)
HPRegen  0.35/turn              c - ring of stealth
MPRegen  0.20/turn              q - ring of protection from cold

@: spider-form
A: tiny, unfitting armour
a: End Transformation, Heroism, Finesse, Renounce Religion


You were on level 4 of the Lair of Beasts.
You worshipped Okawaru.
Okawaru was extremely pleased with you.
You were not hungry.
You were a venomous arachnid creature.
You visited 3 branches of the dungeon, and saw 17 of its levels.

You collected 780 gold pieces.

Inventory:

Hand Weapons
 l - the +10 broad axe "Yrului Ciho" {freeze, Str+3 Dex+2 Stlth-}
   (Okawaru gifted it to you on level 10 of the Dungeon)

   It has been specially enchanted to freeze those struck by it, causing extra
   injury to most foes and up to half again as much damage against particularly
   susceptible opponents.
   It can also slow down cold-blooded creatures.
   It affects your strength (+3).
   It affects your dexterity (+2).
   It makes you less stealthy.
 F - the +7 broad axe of the Wizarding Coward {vorpal, rN++}
   (You found it on level 3 of the Lair of Beasts)

   It inflicts extra damage upon your enemies.
   It greatly protects you from negative energy.
Missiles
 a - 110 arrows
 o - 2 throwing nets (quivered)
Armour
 u - +1 swamp dragon scales (melded)
 x - a scarf of resistance (melded)
 E - a +1 hat of magic resistance (melded)
Jewellery
 c - a ring of stealth (left front leg)
 q - a ring of protection from cold (right front leg)
Wands
 h - a wand of clouds (6)
 t - a wand of iceblast (23)
 y - a wand of polymorph (18)
 D - a wand of acid (11)
Scrolls
 e - 5 scrolls of amnesia
 g - 2 scrolls of immolation
 j - 3 scrolls of magic mapping
 k - a scroll of fog
 m - 7 scrolls of enchant weapon
 n - 4 scrolls of teleportation
 p - 7 scrolls of remove curse
 s - a scroll of fear
 z - 2 scrolls of silence
Potions
 b - a potion of curing
 f - 3 potions of lignification
 i - 2 potions of mutation
 r - a potion of haste
 w - 3 potions of stabbing
 B - 3 potions of resistance
 C - 2 potions of flight
 G - a potion of berserk rage {unknown}
Comestibles
 d - 26 rations
 v - 6 chunks of flesh


   Skills:
 + Level 15.2 Fighting
 - Level 2.0 Armour
 - Level 9.0 Dodging
 - Level 9.5 Unarmed Combat
 + Level 9.9 Spellcasting
 - Level 6.2 Transmutations
 - Level 3.0 Ice Magic
 - Level 1.0 Poison Magic
 - Level 4.0 Invocations


You had 21 spell levels left.
You knew the following spells:

 Your Spells              Type           Power        Failure   Level  Hunger
a - Beastly Appendage     Tmut           ####..       4%          1    None
b - Sticks to Snakes      Tmut           ####....     5%          2    None
c - Spider Form           Tmut/Pois      ###.......   17%         3    None
d - Ice Form              Ice/Tmut       ###.....     30%         4    ###....

Your spell library contained the following spells:

 Spells                   Type           Power        Failure   Level  Hunger
 Sting                    Tmut/Pois      ###.         8%          1    None
 Summon Butterflies       Summ           #.......     22%         1    None
 Ignite Poison            Fire/Tmut/Pois ###.....     24%         3    None
 Poisonous Vapours        Pois/Air       ##....       26%         2    None
 Blade Hands              Tmut           ####......   38%         5    #####..
 Mephitic Cloud           Conj/Pois/Air  #.......     43%         3    None
 Petrify                  Tmut/Erth      ###.....     45%         4    ###....
 Call Canine Familiar     Summ           #.......     47%         3    None
 Confusing Touch          Hex            #.......     47%         3    None
 Conjure Flame            Conj/Fire      #.......     47%         3    None
 Gell's Gravitas          Tloc           #.........   47%         3    None
 Summon Ice Beast         Ice/Summ       ##......     65%         4    ###....
 Olgreb's Toxic Radiance  Pois           ##......     71%         4    ###....
 Yara's Violent Unravell  Hex/Tmut       ###.......   75%         5    #####..
 Metabolic Englaciation   Hex/Ice        ##........   91%         5    #####..
 Summon Mana Viper        Hex/Summ       #.......     98%         5    #####..
 Freezing Cloud           Conj/Ice/Air   ##........   100%        6    ######.
 Ring of Flames           Chrm/Fire      #.........   100%        7    #######
 Summon Hydra             Summ           #.........   100%        7    #######


Dungeon Overview and Level Annotations

Branches:
Dungeon (12/15)            Temple (1/1) D:5            Lair (4/6) D:9
 Shoals (0/4) Lair:2       Spider (0/4) Lair:3          Orc (0/2) D:9

Altars:
Ashenzari
Cheibriados
Dithmenos
Elyvilon
Fedhas
Gozag
Hepliaklqana
Kikubaaqudgha
Makhleb
Nemelex Xobeh
Okawaru
Qazlal
Ru
Sif Muna
Trog
Uskayaw
Vehumet
Wu Jian
Xom
Yredelemnul
Zin
The Shining One

Shops:
D:11 %

Annotations:
D:3 2 transporters, jlcercos's ghost, amateur TeSu
D:5 exclusion: scorpion
D:8 exclusion: two-headed ogre
D:12 Nergalle
Lair:1 exclusion: 2 oklob plants


Innate Abilities, Weirdness & Mutations

You are too large for most types of armour.
((You have tough skin. (AC +1)))


Message History

The porcupine misses you.
You bite the elephant!
The elephant looks as sick as possible!
The elephant is severely wounded.
The elephant barely misses you. The elephant completely misses you.
The porcupine closely misses you.
You bite the elephant!
The elephant is almost dead.
The porcupine misses you. The elephant tramples you!!
* * * LOW HITPOINT WARNING * * *
You stumble backwards!
You bite the elephant!
You kill the elephant!
Okawaru accepts your kill.
You are struck by the porcupine's spines.
* * * LOW HITPOINT WARNING * * *
You hit the porcupine.
The porcupine is poisoned.
The porcupine is lightly wounded.
The porcupine barely misses you.
You are struck by the porcupine's spines.
You die...

##....#..[..#.#..###
........................
.....P#P####.........?..
...)######P.............
...## ##P............
....# ##............
...## ###.............
....#####.##†...........
≈..(......†....rs.......
......†###.#P##...P##..
......# ######..###
...... #.## ..... #..
..... #.# .... #.# ....
#.#


You could see a porcupine (very poisoned).

Vanquished Creatures
  Gastronok (Lair:2)
  A hydra (D:11)
  2 two-headed ogres
  Erica (D:8)
  5 elephants (Lair:4)
  A black mamba (Lair:2)
  2 komodo dragons (Lair:3)
  7 spiny frogs
  Maggie (D:6)
  2 rime drakes
  A hornet (D:10)
  2 hippogriffs
  7 blink frogs
  31 yaks
  Eustachio (D:6)
  3 basilisks
  2 steam dragons (D:9)
  A water moccasin (Lair:2)
  9 porcupines
  4 orc warriors
  3 ice beasts
  2 phantoms
  4 black bears
  9 ogres
  2 centaurs
  A necrophage (D:11)
  18 wolves
  4 crocodiles
  4 big kobolds
  Blork the orc (D:4)
  12 bullfrogs
  5 scorpions
  6 killer bees
  13 wights
  5 howler monkeys
  A centaur zombie (D:5)
  6 crimson imps
  A bullfrog zombie (D:9)
  A quasit (D:9)
  2 jellies (D:9)
  12 orc wizards
  5 hounds
  A gnoll shaman (D:10)
  5 orc priests
  5 iguanas
  4 hell rats (Lair:3)
  13 worker ants
  A hound zombie (D:9)
  2 hound skeletons
  2 worker ant zombies
  8 gnolls
  A howler monkey skeleton (D:6)
  15 adders
  A river rat (D:4)
  3 shadow imps
  2 oozes (D:4)
  5 adder skeletons
  An adder zombie (D:5)
  2 worms
  2 dart slugs
  7 leopard geckos
  41 orcs
  4 bats
  3 giant cockroaches
  7 goblins
  4 hobgoblins
  9 jackals
  31 kobolds
  6 quokkas
  3 ball pythons
  2 frilled lizards
  2 leopard gecko skeletons (D:4)
  A leopard gecko zombie (D:6)
  A quokka zombie (D:8)
  21 rats
416 creatures vanquished.

Vanquished Creatures (collateral kills)
  A two-headed ogre (D:8)
  Menkaure (D:5)
  A necrophage (D:10)
  An orc priest (D:4)
  A gnoll shaman (D:4)
  An adder (D:3)
  A worm (D:2)
  An orc (D:8)
  A bat (D:2)
  A ball python (D:4)
10 creatures vanquished.

Vanquished Creatures (others)
  A fungus (Lair:3)
  8 plants
  5 toadstools (D:1)
14 creatures vanquished.

Grand Total: 440 creatures vanquished

Notes
Turn   | Place    | Note
-------+----------+-------------------------------------------
     0 | D:1      | Ripsaw the Ogre Transmuter began the quest for the Orb.
     0 | D:1      | Reached XP level 1. HP: 19/19 MP: 3/3
    41 | D:1      | Reached skill level 2 in Fighting
    46 | D:1      | Reached XP level 2. HP: 13/28 MP: 5/5
   491 | D:1      | Learned a level 2 spell: Sticks to Snakes
   544 | D:1      | Reached skill level 3 in Fighting
   867 | D:1      | Reached XP level 3. HP: 34/37 MP: 6/6
   959 | D:1      | Learned a level 3 spell: Spider Form
  1580 | D:2      | Reached skill level 1 in Poison Magic
  1580 | D:2      | Reached XP level 4. HP: 39/45 MP: 3/7
  2206 | D:3      | Found a hide-covered altar of Uskayaw.
  2220 | D:3      | Noticed a -1 hand axe
  2220 | D:3      | Noticed a +0 hand axe
  2228 | D:3      | Noticed a bullfrog
  2241 | D:3      | Killed a bullfrog
  2241 | D:3      | Reached skill level 4 in Fighting
  2241 | D:3      | Reached XP level 5. HP: 23/54 MP: 3/8
  2501 | D:3      | Found a transporter.
  2799 | D:3      | Found a transporter.
  2809 | D:3      | Noticed jlcercos's ghost (amateur TeSu)
  2943 | D:3      | Reached XP level 6. HP: 65/65 MP: 9/9
  3401 | D:4      | Reached skill level 5 in Fighting
  4034 | D:4      | Noticed Blork the orc
  4363 | D:4      | HP: 2/67 [orc wizard/+0 falchion (5)]
  4780 | D:4      | Reached XP level 7. HP: 74/74 MP: 7/10
  4984 | D:4      | Reached skill level 6 in Fighting
  5138 | D:4      | Learned a level 4 spell: Ice Form
  5378 | D:4      | Killed Blork the orc
  5385 | D:4      | Reached skill level 1 in Ice Magic
  5437 | D:5      | Entered Level 5 of the Dungeon
  5628 | D:5      | Reached skill level 5 in Unarmed Combat
  5683 | D:5      | Reached XP level 8. HP: 68/84 MP: 8/11
  6083 | D:5      | Found a staircase to the Ecumenical Temple.
  6096 | D:5      | Reached skill level 7 in Fighting
  6274 | Temple   | Entered the Ecumenical Temple
  6368 | Temple   | Became a worshipper of Warmaster Okawaru
  6528 | D:5      | Noticed Menkaure
  6543 | D:5      | Killed Menkaure
  6827 | D:5      | Found a stormy altar of Qazlal.
  7716 | D:6      | Noticed Maggie
  7743 | D:6      | Killed Maggie
  7747 | D:6      | Reached skill level 8 in Fighting
  7781 | D:6      | Reached * piety under Okawaru
  7781 | D:6      | Reached XP level 9. HP: 90/96 MP: 9/12
  7858 | D:6      | Reached skill level 1 in Invocations
  8097 | D:6      | Reached skill level 5 in Dodging
  8146 | D:6      | Noticed Eustachio
  8169 | D:6      | Killed Eustachio
  8173 | D:6      | Reached ** piety under Okawaru
  8173 | D:6      | Reached skill level 1 in Armour
  9084 | D:7      | Reached skill level 9 in Fighting
  9339 | D:7      | Found a blossoming altar of Fedhas.
  9828 | D:7      | Found a radiant altar of Vehumet.
 10089 | D:8      | Noticed a two-headed ogre
 10132 | D:8      | Noticed Erica
 10159 | D:8      | Killed Erica
 10159 | D:8      | Reached skill level 10 in Fighting
 10159 | D:8      | Reached XP level 10. HP: 24/110 MP: 9/14
 10477 | D:8      | Found a blossoming altar of Fedhas.
 10760 | D:8      | HP: 1/110 [orc priest/divine providence (11)]
 10761 | D:8      | Reached *** piety under Okawaru
 11236 | D:8      | Found a shimmering altar of Xom.
 11280 | D:8      | Killed a two-headed ogre
 11927 | D:9      | Found a staircase to the Orcish Mines.
 11955 | D:9      | Noticed a two-headed ogre
 11971 | D:9      | Killed a two-headed ogre
 11971 | D:9      | Reached **** piety under Okawaru
 12369 | D:9      | Reached skill level 11 in Fighting
 12538 | D:9      | Reached skill level 5 in Spellcasting
 12759 | D:9      | Found a staircase to the Lair.
 12801 | D:9      | Reached XP level 11. HP: 120/120 MP: 19/19
 12954 | D:9      | Reached ***** piety under Okawaru
 14125 | D:10     | Entered Level 10 of the Dungeon
 14993 | D:10     | Received a gift from Okawaru
 14996 | D:10     | Got a crystal broad axe {god gift}
 14997 | D:10     | Identified the +10 broad axe "Yrului Ciho" {freeze, Str+3
                  | Dex+2 Stlth-} (Okawaru gifted it to you on level 10 of the
                  | Dungeon)
 16287 | D:10     | Reached skill level 12 in Fighting
 16732 | D:11     | Noticed a five-headed hydra
 16744 | D:11     | Killed a five-headed hydra
 17651 | D:11     | Noticed a two-headed ogre
 17664 | D:11     | Killed a two-headed ogre
 17845 | D:11     | Found Yguudi's Food Boutique.
 17970 | D:11     | Reached XP level 12. HP: 87/133 MP: 21/21
 18389 | D:12     | Noticed Nergalle
 18478 | Lair:1   | Entered Level 1 of the Lair of Beasts
 18656 | Lair:1   | Upgraded the game from 0.25.0-9-g26727b657a to
                  | 0.25.0-10-g039870ee82
 18752 | Lair:1   | Reached skill level 13 in Fighting
 19627 | Lair:2   | Reached skill level 5 in Transmutations
 19707 | Lair:2   | Received a gift from Okawaru
 20197 | Lair:2   | Noticed Gastronok
 20235 | Lair:2   | Killed Gastronok
 20417 | Lair:2   | Reached skill level 14 in Fighting
 21075 | Lair:2   | Found a staircase to the Shoals.
 21609 | Lair:3   | Received a gift from Okawaru
 21993 | Lair:3   | Got a polished broad axe
 22019 | Lair:3   | Identified the +7 broad axe of the Wizarding Coward
                  | {vorpal, rN++} (You found it on level 3 of the Lair of
                  | Beasts)
 22095 | Lair:3   | Reached XP level 13. HP: 136/148 MP: 19/25
 22493 | Lair:3   | Found a hole to the Spider Nest.
 23106 | Lair:4   | Reached skill level 15 in Fighting
 23258 | Lair:4   | HP: 2/150 [porcupine's spines (9)]
 23259 | Lair:4   | Impaled on a porcupine's spines

Illustrated notes

Levels and vault maps discovered:
D:1:      ldierk_walled_garden, layout_basic
D:2:      layout_rooms, first_ration, nrook_mini_vaults
D:3:      layout_basic, dancing_weapons_uskayaw, gammafunk_ghost_gnarly_gnolls
D:4:      minmay_diamond_boxcup, layout_rooms, portal_sewer_entry_e,
          kennysheep_another_room, st_stairs_12, uniq_blork_the_orc
D:5:      layout_gridville, grunt_qazlal_clouds, minmay_temple_entry_junction_2,
          minmay_misc_feat_columns, uniq_grinder, uniq_menkaure,
          uniq_prince_ribbit1
D:6:      cheibrodos_thug_alley, layout_basic, uniq_eustachio, uniq_maggie
D:7:      layout_basic, kennysheep_mini, grunt_ogre_cave,
          fedhas_altar_fruit_tree
D:8:      layout_loops_ring, grunt_temple_overflow_open, uniq_erica
D:9:      kennysheep_steamy, layout_loops_corners,
          grunt_lair_entry_orc_guard_hut
D:10:     kennysheep_blocky_room, layout_basic
D:11:     layout_basic, serial_shops,
          nicolae_shop_temple_entry_statues_fountains, hangedman_decor_growths,
          hangedman_decor_diamond_cutter
D:12:     layout_basic, minmay_unpleasant_kobolds, uniq_nergalle
Temple:   minmay_crystal_spiral_temple
Lair:1:   layout_chaotic_city, grunt_megastairs_5, minmay_lair_oklob_chamber,
          serial_bayou_shore_a
Lair:2:   layout_cave_pods, elwin_shoals_entry_rocks,
          chequers_serial_rivers_micro_d, lemuel_fruit_fields,
          grunt_megastairs_2, serial_bayou_shore_b, uniq_gastronok
Lair:3:   layout_cave_pods, nicolae_spider_entry_orb_guardian
Lair:4:   layout_small_grid, chequers_serial_rivers_micro_e, uniq_rupert

Skill      XL: |  1  2  3  4  5  6  7  8  9 10 11 12 13 |
---------------+----------------------------------------+-----
Fighting       | 2 3 4 5 6 8 10 11 12 14 15 | 15.2
Unarmed Combat | 3 4 5 7 8 9 |  9.5
Transmutations | 2 3 4 6 |  6.2
Poison Magic   | 1 |  1.0
Dodging        | 2 3 4 6 7 8 9 |  9.0
Ice Magic      | 1 2 3 |  3.0
Invocations    | 2 4 |  4.0
Spellcasting   | 3 5 6 8 9 |  9.9
Armour         | 2 |  2.0

Action                   |  1- 3 |  4- 6 |  7- 9 | 10-12 | 13-15 || total
-------------------------+-------+-------+-------+-------+-------++-------
Melee: Unarmed           |   159 |   187 |   523 |   892 |   103 ||  1864
       Headbutt          |     5 |     8 |    34 |    39 |       ||    86
       Kick              |     2 |     3 |    30 |    35 |       ||    70
       Punch             |       |       |     9 |    13 |       ||    22
       Broad axe         |       |       |       |     3 |       ||     3
 Cast: Beastly Appendage |     4 |    16 |    40 |    57 |       ||   117
       Sticks to Snakes  |     4 |    10 |     8 |    32 |     4 ||    58
       Spider Form       |     1 |     8 |    12 |    42 |     7 ||    70
Invok: Heroism           |       |       |       |    16 |     1 ||    17
       Finesse           |       |       |       |     2 |       ||     2
  Use: Potion            |       |     3 |     1 |     7 |       ||    11
       Scroll            |       |     2 |     6 |    19 |       ||    27
 Stab: Sleeping          |       |     1 |     4 |     2 |       ||     7
       Distracted        |       |       |     2 |     2 |       ||     4
  Eat: Chunk             |     3 |     8 |    17 |    34 |     2 ||    64
       Ration            |       |     1 |     1 |     2 |     1 ||     5
Armor: Robe              |    49 |    27 |    33 |       |       ||   109
       Skin              |       |     3 |     5 |    12 |     4 ||    24
       Swamp dragon scal |       |       |    70 |   198 |     1 ||   269
Dodge: Dodged            |    78 |   108 |   258 |   745 |   134 ||  1323
